AoeStats
← Atlas

Black Forest

506510902Analyzed
4v4 RM · 18d ago on Sep 13, 2026· 35m 0s· 8 players
Game mode
Random Map
Map size
Large (8 player)
Population
200
Speed
Normal
Resources
Standard
Victory
Conquest
Starting age
Dark Age
Ending age
Imperial Age
RankedLock teamsTeams togetherTeam positionsShared explorationLock speedFull tech treeHidden civsTurbo modeCheats
Victory
Defeat
🇦🇷 Koreans · Argentina
774
+12
🇺🇸 Vietnamese · United States
668
+17
🇺🇸 Turks · United States
654
+17
🇺🇸 Maya · United States
640
+18
🇧🇷 Britons · Brazil
711
-17
🇬🇷 Jurchens · Greece
710
-17
🇩🇰 Britons · Denmark
667
-26
🇲🇽 Turks · Mexico
663
-15
MultiFrugtJuice
13:48 Feudal Age
15:12 Wheelbarrow
14:24 Horse Collar
14:32 Double-Bit Axe
14:37 Man-at-Arms
16:56 Gold Mining
19:34 Stone Mining
26:03 Castle Age
27:22 Gold Shaft Mining
26:51 Heavy Plow
27:06 Bow Saw
27:22 Hand Cart
34:17 Imperial Age
34:31 Imperial Age
ntukis
0:44 Loom
13:22 Feudal Age
14:36 Double-Bit Axe
14:34 Horse Collar
14:49 Gold Mining
15:51 Stone Mining
25:07 Castle Age
31:25 Imperial Age
Pastor89
0:51 Loom
13:00 Feudal Age
14:24 Double-Bit Axe
17:58 Horse Collar
19:04 Wheelbarrow
25:03 Castle Age
25:06 Stone Mining
25:06 Gold Mining
26:09 Hand Cart
26:52 Bow Saw
Midoriko
1:52 Loom
23:12 Feudal Age
27:15 Double-Bit Axe
31:27 Castle Age
32:58 Crossbowman
33:38 Murder Holes
33:31 Pikeman
34:13 Squires
Atlas
2:08 Loom
15:05 Feudal Age
20:12 Double-Bit Axe
22:35 Horse Collar
26:05 Castle Age
28:53 Bow Saw
28:47 Heavy Plow
31:40 Caravan
uncleether0
14:30 Feudal Age
21:47 Castle Age
22:40 Eagle Warrior
29:46 Double-Bit Axe
29:57 Gold Mining
37:46 Imperial Age
Cloud-G
13:15 Feudal Age
16:31 Castle Age
22:24 Imperial Age
fedetiberio
1:42 Loom
14:37 Feudal Age
15:14 Town Watch
15:17 Horse Collar
16:08 Double-Bit Axe
18:28 Wheelbarrow
18:08 Stone Mining
18:11 Gold Mining
18:13 Fletching
23:43 Scale Mail Armor
23:53 Forging
23:49 Scale Barding Armor
27:54 Castle Age
27:02 Arson
28:38 Squires
28:24 Gambesons
28:00 Pikeman
28:43 Husbandry
28:40 Bodkin Arrow
29:21 Iron Casting
29:00 Thumb Ring
28:16 Crossbowman
28:18 Elite Skirmisher
29:18 Hand Cart
29:11 Heavy Plow
33:51 Fervor
33:58 Fervor
Connection lost

Rejoining the realm…

Still unreachable

The connection could not be restored.

Session expired

The server has moved on; the page needs a fresh start.